 Dungeon Crawl Stone Soup version 0.26-a0-597-gb535b0901c (webtiles) character file.

Game seed: 12019921094760205163

1654 Flugslaktarn the Chopper (level 8, -5/76 HPs)
             Began as a Deep Dwarf Monk on Sept 14, 2020.
             Was a Priest of Makhleb.
             Slain by an ogre
             ... wielding a +0 giant club
              (14 damage)
             ... on level 6 of the Dungeon.
             The game lasted 00:04:04 (4723 turns).

Flugslaktarn the Chopper (Deep Dwarf Monk)          Turns: 4723, Time: 00:04:05

Health: -5/76      AC: 10    Str: 17      XL:     8   Next: 68%
Magic:  6/6        EV:  8    Int: 11      God:    Makhleb [***...]
Gold:   393        SH:  0    Dex: 13 (15) Spells: 7/7 levels left

rFire    . . .     SeeInvis .   f - +3 battleaxe (curse)
rCold    . . .     Faith    .   (shield currently unavailable)
rNeg     . . .     Spirit   .   g - +0 chain mail
rPois    +         Reflect  .   (no helmet)
rElec    .         Harm     .   (no cloak)
rCorr    .                      (no gloves)
MR       +....                  (no boots)
Stlth    ..........             (no amulet)
HPRegen  0.00/turn              (no ring)
MPRegen  0.10/turn              (no ring)

@: non-regenerating, heavily drained
A: damage resistance, heal wounds, icy blue scales 1, mutation resistance 1,
sense surroundings 1, poison resistance, no regeneration
a: Heal Wounds, Minor Destruction, Lesser Servant of Makhleb, Renounce Religion


You were on level 6 of the Dungeon.
You worshipped Makhleb.
Makhleb was most pleased with you.
You visited 1 branch of the dungeon, and saw 6 of its levels.
You also visited: Sewer.

You collected 393 gold pieces.

Inventory:

Hand Weapons
 a - a +0 hand axe
 f - a cursed +3 battleaxe (weapon)
   (You took it off a wight on level 6 of the Dungeon)
Armour
 g - a +0 chain mail (worn)
   (You found it on level 1 of the Dungeon)
Wands
 e - a wand of enslavement (10)
   (You found it on level 6 of the Dungeon)
 k - a wand of flame (28)
   (You found it on level 5 of the Dungeon)
 u - a wand of acid (5)
   (You found it on level 5 of the Dungeon)
Scrolls
 b - 3 scrolls of fog
 c - a scroll of magic mapping {unknown}
 d - a scroll of enchant weapon
 h - 2 scrolls of fear
 t - a scroll of teleportation
 v - a scroll of immolation
 x - 2 scrolls of remove curse
 z - 2 scrolls of blinking
Potions
 m - a potion of mutation
 n - a potion of resistance
 q - 3 potions of curing
 s - 2 potions of magic
 w - a potion of heal wounds


   Skills:
 * Level 6.2(4.2) Fighting
 * Level 7.4(5.3) Axes
 + Level 4.4(2.4) Armour
 + Level 5.5(3.6) Dodging
 - Level 2.4(0.6) Stealth
 + Level 4.5(2.6) Invocations


You had 7 spell levels left.
You didn't know any spells.
Your spell library was empty.

Dungeon Overview and Level Annotations

Branches:
Dungeon (6/15)             Temple (0/1) D:4           Sewer (visited)

Altars:
Elyvilon
Fedhas
Makhleb
Nemelex Xobeh
Ru
Vehumet
Yredelemnul


Innate Abilities, Weirdness & Mutations

You are resistant to damage.
You can heal yourself by infusing magical energy.
You passively map a small area around you.
You do not regenerate.
You are partially covered in icy blue scales. (AC +2)
You are somewhat resistant to further mutation.
Your system is resistant to poisons. (rPois)


Message History

You feel better.
Your chain mail prevents you from hitting the ogre.
The ogre barely misses you.
You are too injured to fight recklessly!
You feel much better. The ogre hits you with a +0 giant club!
You barely miss the ogre.
The ogre is heavily wounded.
The ogre closely misses you.
You hit the ogre.
The ogre is heavily wounded.
The ogre closely misses you.
You hit the ogre.
The ogre is almost dead.
The ogre hits you with a +0 giant club!!
* * * LOW HITPOINT WARNING * * *
You are too injured to fight recklessly!
You hit the ogre.
The ogre is almost dead.
The ogre hits you with a +0 giant club!
You die...

######## #......#
##....O.########## * * *
, .......@.......... , *
..............##* #
##......###.#.# ######.
,
#......#.....####......
#.....?#.#............#
*
#......#.#...###.....##
,
#..[...#.#.#...#....##.
*#......#.#.#...#....#.^
, , ,,#.#.#...#....##.


You could see an ogre.

Vanquished Creatures
  Menkaure (D:4)
  Duvessa (D:4)
  2 sky beasts
  An orc warrior (D:6)
  An ogre (D:5)
  Dowan (D:4)
  A scorpion (D:5)
  4 wights (D:6)
  A crimson imp (D:5)
  A quasit (D:6)
  3 orc priests
  4 hounds
  3 orc wizards
  A bullfrog skeleton (D:4)
  A centaur skeleton (D:5)
  A worker ant (D:6)
  10 adders
  9 river rats
  A shadow imp (D:5)
  A white imp (D:5)
  An adder skeleton (D:4)
  An adder zombie (D:5)
  6 worms
  3 dart slugs
  5 leopard geckos
  20 orcs
  4 giant cockroaches
  8 goblins
  6 hobgoblins
  3 jackals (D:3)
  4 quokkas
  8 ball pythons
  8 bats
  8 frilled lizards
  10 kobolds
  A leopard gecko skeleton (D:4)
  A quokka skeleton (D:5)
  20 rats
165 creatures vanquished.

Vanquished Creatures (others)
  13 plants (D:6)
13 creatures vanquished.

Grand Total: 178 creatures vanquished

Notes
Turn   | Place    | Note
-------+----------+-------------------------------------------
     0 | D:1      | Flugslaktarn the Deep Dwarf Monk began the quest for the
                  | Orb.
     0 | D:1      | Reached XP level 1. HP: 20/20 MP: 1/1
   129 | D:1      | Reached XP level 2. HP: 13/27 MP: 2/2
   896 | D:2      | Reached XP level 3. HP: 33/34 MP: 3/3
   933 | D:2      | Reached skill level 1 in Armour
  1153 | D:2      | Reached skill level 4 in Axes
  1225 | D:2      | Reached XP level 4. HP: 31/42 MP: 4/4
  1619 | D:2      | Found a sparkling altar of Nemelex Xobeh.
  1629 | D:2      | Found a sacrificial altar of Ru.
  2074 | D:3      | Reached XP level 5. HP: 36/50 MP: 5/5
  2123 | D:3      | Found a burning altar of Makhleb.
  2170 | D:3      | Became a worshipper of Makhleb the Destroyer
  2170 | D:3      | Reached * piety under Makhleb
  2170 | D:3      | Reached ** piety under Makhleb
  2299 | D:4      | Found a staircase to the Ecumenical Temple.
  2335 | D:4      | Noticed Duvessa
  2370 | D:4      | Gained mutation: You are partially covered in icy blue
                  | scales. (AC +2) [potion of mutation]
  2370 | D:4      | Gained mutation: Your system is resistant to poisons.
                  | (rPois) [potion of mutation]
  2370 | D:4      | Gained mutation: You are somewhat resistant to further
                  | mutation. [potion of mutation]
  2375 | D:4      | Killed Duvessa
  2375 | D:4      | Reached skill level 5 in Axes
  2375 | D:4      | Reached skill level 1 in Invocations
  2375 | D:4      | Reached XP level 6. HP: 31/57 MP: 4/6
  2386 | D:4      | Noticed Dowan
  2419 | D:4      | Killed Dowan
  2599 | D:4      | Noticed Menkaure
  2607 | D:4      | Killed Menkaure
  2607 | D:4      | Reached XP level 7. HP: 50/66 MP: 7/7
  2938 | D:4      | Found a glowing drain.
  2954 | Sewer    | Entered a sewer
  3176 | Sewer    | Reached *** piety under Makhleb
  3183 | Sewer    | Reached skill level 5 in Fighting
  3495 | D:5      | Entered Level 5 of the Dungeon
  3576 | D:5      | Reached skill level 6 in Axes
  3770 | D:5      | Reached skill level 5 in Dodging
  3770 | D:5      | Reached XP level 8. HP: 53/75 MP: 8/8
  4003 | D:5      | Found a basalt altar of Yredelemnul.
  4007 | D:5      | Found a blossoming altar of Fedhas.
  4008 | D:5      | Found a radiant altar of Vehumet.
  4009 | D:5      | Found a white marble altar of Elyvilon.
  4587 | D:6      | Reached skill level 7 in Axes
  4673 | D:6      | Found a sparkling altar of Nemelex Xobeh.
  4723 | D:6      | Slain by an ogre

Illustrated notes

Levels and vault maps discovered:
D:1:      dpeg_arrival_stone_temple_mockup, layout_basic
D:2:      minmay_angry_zag, layout_basic, amethyst_overflow_temple_binary,
          minmay_misc_feat_cross, grunt_ministairs_5
D:3:      layout_basic, lemuel_round_altar
D:4:      layout_rooms, minmay_temple_entry_offerings,
          lightli_sewer_entry_pipes, uniq_menkaure, uniq_duvessa
D:5:      layout_loops_ring, minitemple, minmay_fire_ice_demons
D:6:      layout_basic, serial_bayou_ford_a, nicolae_sextant,
          nemelex_spade_bored_becter

Skill      XL: |  1  2  3  4  5  6  7  8 |
---------------+-------------------------+-----
Fighting       | 3 4 5 6 |  6.2
Armour         | 1 2 3 4 |  4.4
Axes           | 4 5 6 7 |  7.4
Dodging        | 4 5 |  5.5
Invocations    | 1 2 3 4 |  4.5
Stealth        | |  2.4

Action                   |  1- 3 |  4- 6 |  7- 9 || total
-------------------------+-------+-------+-------++-------
Melee: Hand axe          |   123 |   201 |   598 ||   922
       Battleaxe         |       |       |    14 ||    14
 Abil: Heal Wounds       |     1 |     4 |    15 ||    20
Evoke: Wand              |       |       |     1 ||     1
  Use: Potion            |       |     6 |     1 ||     7
       Scroll            |       |       |    12 ||    12
 Stab: Sleeping          |     6 |       |       ||     6
       Invisible         |       |       |     5 ||     5
Armor: Robe              |     3 |       |       ||     3
       Chain mail        |    57 |   133 |   341 ||   531
Dodge: Dodged            |    71 |   111 |   253 ||   435

Table legend: (Time is in decaauts)
 A = Elapsed time spent in this place.
 B = Non-inter-level travel time spent in this place.
 C = Inter-level travel time spent in this place.
 D = Time resting spent in this place.
 E = Time spent auto-exploring this place.
 F = Levels seen in this place.
 G = Mean time per level.
                   A        B        C        D        E       F      G
               +--------+--------+--------+--------+--------+-----+--------+
         Total |   4849 |   4643 |    206 |      0 |   3074 |   7 |  692.7 |
       Dungeon |   4425 |   4219 |    206 |      0 |   2816 |   6 |  737.5 |
         Sewer |    424 |    424 |      0 |      0 |    258 |   1 |  424.0 |
               +--------+--------+--------+--------+--------+-----+--------+

Top non-repeatable levels by time:
     D:5: 939 daAuts
     D:1: 879 daAuts
     D:4: 873 daAuts
     D:2: 845 daAuts
     D:3: 593 daAuts
   Sewer: 424 daAuts
     D:6: 293 daAuts
